 Dungeon Crawl Stone Soup version 0.22-a0-570-g58866f5 (webtiles) character file.

1958 HammerPanzer the Basher (level 9, 0/82 HPs)
             Began as a Minotaur Berserker on June 30, 2018.
             Was an Elder of Trog.
             Killed by divine providence
             ... invoked by an orc priest
              (13 damage)
             ... on level 7 of the Dungeon.
             The game lasted 00:13:05 (5756 turns).

HammerPanzer the Basher (Minotaur Berserker)        Turns: 5756, Time: 00:13:06

Health: 0/82       AC:  5    Str: 27    XL:     9   Next: 0%
Magic:  8/8        EV: 15    Int:  6    God:    Trog [****..]
Gold:   454        SH:  3    Dex: 10    Spells: 8/8 levels left

rFire    + . .     SeeInvis +   A - +0 mace (crush)
rCold    + . .     Gourm    .   d - +0 buckler
rNeg     . . .     Faith    .   B - +1 robe of Incorporation {Str+4}
rPois    .         Spirit   .   f - +2 hat
rElec    .         Reflect  .   t - scarf {rC+ rF+}
rCorr    .         Harm     .   (no gloves)
MR       .....                  (no boots)
Stlth    +.........             (no amulet)
HPRegen  0.23/turn              h - ring of see invisible
MPRegen  0.11/turn              u - +4 ring of evasion

@: berserk cooldown, slowed, very slow
A: retaliatory headbutt, horns 2
a: Berserk, Trog's Hand, Brothers in Arms, Renounce Religion


You were on level 7 of the Dungeon.
You worshipped Trog.
Trog was greatly pleased with you.
You were hungry.

You visited 1 branch of the dungeon, and saw 7 of its levels.

You collected 454 gold pieces.

Inventory:

Hand Weapons
 A - a +0 mace of crushing (weapon)
Missiles
 k - 159 arrows (quivered)
Armour
 d - a +0 buckler (worn)
 f - a +2 hat (worn)
 t - a scarf of resistance (worn)
 x - a +0 ring mail
 B - the +1 robe of Incorporation (worn) {Str+4}
   (You found it on level 7 of the Dungeon)

   It affects your strength (+4).
Jewellery
 h - a ring of see invisible (left hand)
 u - a +4 ring of evasion (right hand)
Wands
 b - a wand of polymorph (15)
 i - a wand of flame (19)
 n - a wand of random effects (12)
 z - a wand of scattershot (7)
Scrolls
 g - 2 scrolls of teleportation
 j - a scroll of holy word {unknown}
 s - 3 scrolls of remove curse
 w - a scroll of enchant weapon {unknown}
 y - a scroll of magic mapping
 C - a scroll of random uselessness {unknown}
Potions
 a - a potion of resistance {unknown}
 e - 3 potions of degeneration {unknown}
 l - 3 potions of haste
 m - a potion of agility {unknown}
 o - 5 potions of might
 p - 2 potions of lignification {unknown}
 q - 3 potions of curing
 r - a potion of flight {unknown}
 v - a potion of invisibility {unknown}
Comestibles
 c - 10 rations
 D - 2 chunks of flesh


   Skills:
 + Level 8.9 Fighting
 * Level 11.7 Maces & Flails
 - Level 2.4 Armour
 - Level 2.1 Dodging


You had 8 spell levels left.
You didn't know any spells.
Your spell library was empty.

Dungeon Overview and Level Annotations

Branches:
Dungeon (7/15)             Temple (0/1) D:5

Altars:
Kikubaaqudgha
Makhleb
Vehumet
Zin


Innate Abilities, Weirdness & Mutations

You reflexively headbutt those who attack you in melee.
You have a pair of horns on your head.


Message History

You feel clever.
The orc priest invokes the aid of Beogh against you.
Pain shoots through your body!
* * * LOW HITPOINT WARNING * * *
Tossing away (i - inventory)
k - 161 arrows (quivered)
Press: ? - help, Shift-Dir - straight line, f - orc priest
Aim: an orc priest, wearing a leather armour You toss away an arrow.
The arrow hits the orc priest but does no damage.
The orc priest mumbles some strange prayers to Beogh against you.
Pain shoots through your body!
* * * LOW HITPOINT WARNING * * *
Tossing away (i - inventory)
k - 160 arrows (quivered)
Press: ? - help, Shift-Dir - straight line, f/p - orc priest
Aim: an orc priest, wearing a leather armour You toss away an arrow.
The arrow barely misses the orc priest.
The orc priest hits you but does no damage.
The orc priest calls down the wrath of Beogh upon you.
Beogh smites you!
You die...

#. .. #. ### #. ... #
#. .. ..#.##.#####.#
#.(....(o@..(#
#.......######
.....#....###########
#.##
#.##.......<...### #.
###########...#### ..
###..... ... ######
... ....


You could see an orc priest.

Vanquished Creatures
  Grinder (D:3)
  Sigmund (D:3)
  4 ogres
  A centaur (D:7)
  Blork the orc (D:4)
  6 killer bees (D:7)
  2 crimson imps
  A quasit (D:7)
  A bullfrog zombie (D:7)
  A hound (D:5)
  A centaur skeleton (D:4)
  A jelly (D:5)
  5 orc priests
  Natasha (D:3)
  3 orc wizards
  5 worker ants
  A worker ant zombie (D:7)
  6 gnolls
  9 adders
  A shadow imp (D:5)
  2 oozes
  An adder skeleton (D:5)
  A worm (D:2)
  A dart slug (D:1)
  3 leopard geckos
  22 orcs
  A ball python (D:1)
  3 bats
  3 giant cockroaches
  8 hobgoblins
  9 jackals
  6 kobolds
  2 quokkas
  3 frilled lizards
  A giant cockroach zombie (D:5)
  8 goblins
  2 quokka skeletons
  A quokka zombie (D:5)
  9 rats
138 creatures vanquished.

Notes
Turn   | Place    | Note
-------+----------+-------------------------------------------
     0 | D:1      | HammerPanzer the Minotaur Berserker began the quest for the Orb.
     0 | D:1      | Reached XP level 1. HP: 19/19 MP: 0/0
   384 | D:1      | Reached skill level 4 in Maces & Flails
   427 | D:1      | Reached XP level 2. HP: 25/27 MP: 1/1
  1157 | D:2      | Reached ** piety under Trog
  1157 | D:2      | Reached XP level 3. HP: 33/33 MP: 2/2
  1322 | D:2      | Reached skill level 5 in Maces & Flails
  2105 | D:3      | Found a glowing silver altar of Zin.
  2120 | D:3      | Reached XP level 4. HP: 40/41 MP: 3/3
  2174 | D:3      | Reached skill level 6 in Maces & Flails
  2174 | D:3      | Reached XP level 5. HP: 30/47 MP: 4/4
  2325 | D:3      | Noticed Sigmund
  2332 | D:3      | Reached skill level 5 in Fighting
  2336 | D:3      | Killed Sigmund
  2336 | D:3      | Reached skill level 7 in Maces & Flails
  2336 | D:3      | Reached XP level 6. HP: 56/56 MP: 5/5
  2502 | D:3      | Noticed Natasha
  2510 | D:3      | Killed Natasha
  2515 | D:3      | Noticed Grinder
  2527 | D:3      | Killed Grinder
  2527 | D:3      | Reached skill level 8 in Maces & Flails
  2527 | D:3      | Reached XP level 7. HP: 39/63 MP: 6/6
  2908 | D:3      | Found an ancient bone altar of Kikubaaqudgha.
  3148 | D:3      | Reached *** piety under Trog
  3383 | D:4      | Reached skill level 9 in Maces & Flails
  3923 | D:4      | Noticed Blork the orc
  3929 | D:4      | Killed Blork the orc
  3970 | D:4      | Reached XP level 8. HP: 59/73 MP: 7/7
  4059 | D:5      | Entered Level 5 of the Dungeon
  4237 | D:5      | Found a staircase to the Ecumenical Temple.
  4252 | D:5      | Reached skill level 10 in Maces & Flails
  4467 | D:5      | Found a radiant altar of Vehumet.
  4498 | D:5      | Found a burning altar of Makhleb.
  5242 | D:6      | Reached **** piety under Trog
  5352 | D:7      | Reached skill level 11 in Maces & Flails
  5588 | D:7      | Got a bloodstained robe
  5601 | D:7      | Identified the +1 robe of Incorporation {Str+4} (You found it on level 7 of the Dungeon)
  5754 | D:7      | Reached XP level 9. HP: 34/82 MP: 8/8
  5756 | D:7      | Killed from afar by an orc priest

Vault maps used:
D:1:      dpeg_arrival_connections
D:2:      serial_corexii_hall, corexii_hall_statues_i, corexii_hall_statues_i
D:3:      lemuel_round_altar, zin_academy, uniq_natasha, uniq_grinder,
          uniq_sigmund
D:4:      first_ration, uniq_blork_the_orc
D:5:      marbit_many_paths, kennysheep_mini, minmay_temple_entry_trees,
          st_stairs_4
D:7:      kennysheep_mini_moat

Skill      XL: |  1  2  3  4  5  6  7  8 |
---------------+-------------------------+-----
Maces & Flails | 4 5 6 7 8 9 11 | 11.7
Fighting       | 4 5 6 7 8 |  8.9
Armour         | |  2.4
Dodging        | |  2.1

Action                   |  1- 3 |  4- 6 |  7- 9 || total
-------------------------+-------+-------+-------++-------
Melee: Mace              |    83 |    13 |    52 ||   148
       Headbutt          |    11 |     5 |    43 ||    59
       Flail             |       |    36 |   149 ||   185
Invok: Berserk           |       |     2 |     4 ||     6
  Use: Scroll            |       |       |    11 ||    11
       Potion            |       |       |     1 ||     1
  Eat: Chunk             |     4 |     3 |    10 ||    17
       Ration            |       |       |     1 ||     1
Armor: Animal skin       |    14 |       |       ||    14
       Ring mail         |       |    10 |    37 ||    47
       Robe              |       |       |     5 ||     5
Dodge: Dodged            |    57 |    21 |   101 ||   179
Block: Buckler           |     7 |     2 |    20 ||    29

Table legend:
 A = Spawn XP
 B = Non-spawn XP
 C = Spawn XP percentage of total XP
 D = Spawn monster count
 E = Non-spawn monster count
 F = Spawn count percentage of total count
 G = Total turns spent on level
                    A         B        C        D         E        F      G
               +---------+---------+-------+---------+---------+-------+---------
         Total |       0 |    2798 |   0.0 |       0 |     138 |   0.0 |  5756
               +---------+---------+-------+---------+---------+-------+---------
           D:1 |       0 |      30 |   0.0 |       0 |      17 |   0.0 |   991
           D:2 |       0 |      51 |   0.0 |       0 |      22 |   0.0 |  1095
           D:3 |       0 |     766 |   0.0 |       0 |      37 |   0.0 |  1154
           D:4 |       0 |     605 |   0.0 |       0 |      22 |   0.0 |   819
           D:5 |       0 |     290 |   0.0 |       0 |      10 |   0.0 |   699
           D:6 |       0 |     127 |   0.0 |       0 |       7 |   0.0 |   546
           D:7 |       0 |     929 |   0.0 |       0 |      23 |   0.0 |   452
               +---------+---------+-------+---------+---------+-------+---------
